 Dungeon Crawl Stone Soup version 0.17-a0-1056-g838d5c0 (webtiles) character file.

21 Hanyuu the Insei (level 2, -1/18 HPs)
             Began as an Octopode Transmuter on May 16, 2015.
             Slain by Sigmund
             ... wielding a +2 scythe of protection
              (15 damage)
             ... on level 2 of the Dungeon.
             The game lasted 00:01:27 (1084 turns).

Hanyuu the Insei (Octopode Transmuter)              Turns: 1084, Time: 00:01:27

Health: -1/18      AC:  1    Str:  9    XL:     2   Next: 83%
Magic:  5/5        EV: 12    Int: 15    God:
Gold:   0          SH:  0    Dex: 12    Spells: 1 memorised, 4 levels left

rFire  . . .     SeeInvis .       - Unarmed
rCold  . . .     Clarity  .     (no shield)
rNeg   . . .     SustAb   .     (helmet restricted)
rPois  .         Gourm    .     (no amulet)
rElec  .         Spirit   .     (no ring)
rCorr  .         Warding  .     (no ring)
rMut   .         Stasis   .     (no ring)
MR     .....                    (no ring)
Stlth  ++........               (no ring)
                                (no ring)
                                (no ring)
                                (no ring)

@: not resistant to hostile enchantments, unstealthy
A: almost no armour, amphibious, 8 rings, constrict 8, camouflage 1, gelatinous
body 1
a: no special abilities


You were on level 2 of the Dungeon.
You were not hungry.

You visited 1 branch of the dungeon, and saw 2 of its levels.

Inventory:

Missiles
 a - 12 arrows
Scrolls
 e - a scroll of enchant armour {unknown}
 f - a scroll of enchant weapon {unknown}
Potions
 g - a potion of curing {unknown}
 h - a potion of invisibility {unknown}
Books
 b - a book of Changes

   Spells                             Type                      Level
   a - Beastly Appendage              Transmutation                1
   b - Sticks to Snakes               Transmutation                2
   c - Spider Form                    Transmutation/Poison         3
   d - Ice Form                       Ice/Transmutation            4
   e - Blade Hands                    Transmutation                5
Comestibles
 c - 2 bread rations
 d - a meat ration


   Skills:
 - Level 1.0 Fighting
 - Level 2.0 Dodging
 + Level 4.0 Unarmed Combat
 - Level 2.0 Spellcasting
 - Level 2.0 Transmutations


You had 4 spell levels left.
You knew the following spells:

 Your Spells              Type           Power        Failure   Level  Hunger
a - Beastly Appendage     Trmt           #.....       12%         1    #......


Dungeon Overview and Level Annotations

Branches:
Dungeon (2/15)

Altars:

Annotations:
D:2 Sigmund


Innate Abilities, Weirdness & Mutations

You cannot wear most types of armour.
You are amphibious.
You can wear up to eight rings at the same time.
You can use your tentacles to constrict eight enemies at once.
Your skin changes colour to match your surroundings (Stealth).
Your rubbery body absorbs attacks (AC +1).


Message History

Unknown command.
Memorise Sticks to Snakes, consuming 2 spell levels and leaving 2?
Sigmund casts a spell at you.
Your memorisation is interrupted.
You resist with significant effort.
A rat comes into view.
Sigmund points at you and mumbles some strange words.
You are confused.
Sigmund mumbles some strange words.
Sigmund flickers and vanishes!
Deactivating autopickup; reactivate with Ctrl-A.
You are more confused.
Something barely misses you. The rat barely misses you.
You feel less confused. The rat closely misses you.
You hear some strange, mumbled words.
Something tries to affect you, but you resist.
Found 3 fruits.
The rat bites you. Something hits you!
Ouch! That really hurt!
You die...

.....#.....#.#.....
..................
...............%.
...............#
...............#
..............#
..........<..##
.......†......######
.....#.....@.......%
##.........r...####
...........{.#..#
....%..............
...............#.##.
.......†...........
##..................
#................ .
#..$..........#.#..


You could see a rat.

Vanquished Creatures
  A worm (D:2)
  3 bats
  2 giant cockroaches
  2 hobgoblins (D:1)
  A kobold (D:1)
  A giant newt (D:1)
  3 goblins (D:1)
  4 rats
17 creatures vanquished.

Notes
Turn   | Place    | Note
--------------------------------------------------------------
     0 | D:1      | Hanyuu the Octopode Transmuter began the quest for the Orb.
     0 | D:1      | Reached XP level 1. HP: 13/13 MP: 3/3
   440 | D:1      | Reached XP level 2. HP: 8/18 MP: 5/5
  1066 | D:2      | Noticed Sigmund
  1070 | D:2      | Reached skill level 4 in Unarmed Combat
  1084 | D:2      | Slain by Sigmund

Vault maps used:
D:1:      minmay_arrival_five_plusses, hangedman_decor_growths
D:2:      uniq_sigmund

Action                   || total
-------------------------++-------
Melee: Unarmed           ||    45
 Stab: Sleeping          ||     4
